 Dungeon Crawl Stone Soup version 0.30-a0-121-gb27577e5d9 (webtiles) character file.

Game seed: 14911949177026415133

6302 purpskrrrp the Cleaver (level 10, -8/72 HPs)
             Began as a Demonspawn Fighter on Sept 15, 2022.
             Was an Elder of Makhleb.
             Mangled by a hornet (10 damage)
             ... on level 9 of the Dungeon.
             The game lasted 00:21:43 (11396 turns).

purpskrrrp the Cleaver (Demonspawn Fighter)        Turns: 11396, Time: 00:21:45

Health: -8/72      AC: 14    Str: 20    XL:     10   Next: 63%
Magic:  10/10      EV: 10    Int: 13    God:    Makhleb [****..]
Gold:   491        SH:  5    Dex: 12    Spells: 9/9 levels left

rFire   + . .      SeeInvis .    x - +2 war axe (elec)
rCold   . . .      Faith    .    c - +0 buckler
rNeg    . . .      Spirit   .    m - +3 leather armour {rF+}
rPois   .          Reflect  .    (no helmet)
rElec   .          Harm     .    k - +0 cloak
rCorr   .          Rampage  .    h - +2 pair of gloves
Will    +....                    f - +2 pair of boots
Stlth   +.........               (no amulet)
HPRegen 0.22/turn                (no ring)
MPRegen 0.24/turn                (no ring)

@: lethally poisoned (-8 -> -11), slowed, very slow
A: magic regeneration, big brain 1, weakness stinger 1, frail 1, strong-willed 1
a: Renounce Religion, Minor Destruction, Lesser Servant of Makhleb, Major
Destruction


You were on level 9 of the Dungeon.
You worshipped Makhleb.
Makhleb was greatly pleased with you.
You visited 2 branches of the dungeon, and saw 10 of its levels.
You also visited: Ossuary.

You collected 491 gold pieces.

Inventory:

Hand Weapons
 a - a +2 war axe
 x - a +2 war axe of electrocution (weapon)
Armour
 b - a +0 scale mail
 c - a +0 buckler (worn)
 f - a +2 pair of boots (worn)
 h - a +2 pair of gloves (worn)
 k - a +0 cloak (worn)
 m - a +3 leather armour of fire resistance (worn)
Jewellery
 v - an amulet of regeneration
Wands
 r - a wand of polymorph (4)
 A - a wand of iceblast (3) (quivered)
 B - a wand of flame (8)
 C - a wand of mindburst (16)
Scrolls
 i - 3 scrolls of teleportation
 j - a scroll of poison
 o - 3 scrolls of vulnerability
 s - a scroll of silence
 t - 2 scrolls of fog
 z - 2 scrolls of magic mapping
Potions
 d - a potion of flight
 e - 5 potions of degeneration
 l - 2 potions of brilliance
 n - 7 potions of curing
 p - a potion of cancellation
 q - 4 potions of attraction
 u - a potion of heal wounds
 w - a potion of lignification
 D - a potion of berserk rage


   Skills:
 + Level 7.9 Fighting
 * Level 9.6 Axes
 + Level 7.2 Armour
 + Level 7.2 Shields


You had 9 spell levels left.
You didn't know any spells.
Your spell library contained the following spells:

 Spells                   Type           Power      Damage    Failure   Level
 Magic Dart               Conj           0%         1d3       41%         1
 Shock                    Conj/Air       0%         1d3       41%         1
 Blink                    Tloc           0%         N/A       56%         2
 Searing Ray              Conj           0%         2d4       56%         2
 Gell's Gravitas          Tloc           0%         N/A       80%         3
 Ignite Poison            Fire/Tmut/Pois 0%         N/A       80%         3
 Lesser Beckoning         Tloc           0%         N/A       80%         3
 Mephitic Cloud           Conj/Pois/Air  0%         N/A       80%         3
 Swiftness                Air            0%         N/A       80%         3
 Teleport Other           Tloc           0%         N/A       80%         3
 Airstrike                Air            0%         2d(0-16)  99%         4
 Fulminant Prism          Conj/Hex       0%         3d6       99%         4
 Manifold Assault         Tloc           0%         N/A       99%         4
 Freezing Cloud           Conj/Ice/Air   0%         6-21      100%        5
 Malign Gateway           Summ/Tloc      0%         N/A       100%        7
 Storm Form               Tmut/Air       0%         N/A       100%        7
 Summon Horrible Things   Summ           0%         N/A       100%        8


Dungeon Overview and Level Annotations

Branches:
Dungeon (9/15)             Temple (1/1) D:5         Ossuary (visited)
   Lair: D:8-11         Orc: D:9-12

Altars:
Ashenzari
Cheibriados
Dithmenos
Fedhas
Gozag
Hepliaklqana
Kikubaaqudgha
Makhleb
Nemelex Xobeh
Okawaru
Qazlal
Ru
Trog
Uskayaw
Vehumet
Wu Jian
Xom
Yredelemnul

Shops:
D:1 *   D:2 ?


Innate Abilities, Weirdness & Mutations

You regenerate magic rapidly.
You have an unusually large brain. (Int +2)
You have a small tail.
You are frail. (-10% HP)
You are strong-willed. (Will+)


Message History

You are too injured to fight recklessly!
You are too injured to fight recklessly!
You are too injured to fight recklessly!
You are too injured to fight recklessly!
You hit the hornet.
You tail-slap the hornet, but do no damage.
The hornet is heavily wounded.
You feel yourself speed up. You block the hornet's attack.
The hornet barely misses you.
The hornet stings you but does no damage.
You slash the hornet!
You tail-slap the hornet, but do no damage.
The hornet is severely wounded.
You block the hornet's attack.
You barely miss the hornet.
Your tail-slap misses the hornet.
The hornet is severely wounded.
The hornet barely misses you. The hornet stings you!
* * * LOW HITPOINT WARNING * * *
You are poisoned.
You feel yourself slow down.
You hit the hornet but do no damage.
The hornet is severely wounded.
You feel very sick.
The hornet stings you but does no damage.
The hornet stings you.
* * * LOW HITPOINT WARNING * * *
You feel as though you will be slow longer.
You hit the hornet.
The hornet is severely wounded.
You feel sick.
The hornet stings you but does no damage.
You block the hornet's attack.
You closely miss the hornet.
The hornet is severely wounded.
You feel yourself speed up.
You feel sick. The hornet stings you.
* * * LOW HITPOINT WARNING * * *
You feel yourself slow down. The hornet closely misses you.
The hornet stings you!
You die...

(................#...<...###
##...............##.......#
#####.####################
♣.♣♣♣ ♣...♣♣ ♣♣♣).♣♣ ♣♣).♣
♣.♣♣ ♣♣@♣ ♣♣y♣ .♣ .. ♣♣. ♣♣


You could see a hornet.

Vanquished Creatures
  3 two-headed ogres
  A wind drake (shapeshifter) (D:7)
  A hornet (D:8)
  A wyvern (D:8)
  A shadow (D:9)
  A spriggan (D:9)
  A wraith (Ossuary)
  Eustachio (D:4)
  2 steam dragons
  Duvessa (D:7)
  An ice beast (D:7)
  2 orc warriors (D:8)
  2 sky beasts
  A black bear (D:8)
  A centaur (D:7)
  2 ogres (D:5)
  A phantom (D:5)
  6 bullfrogs
  5 kobold brigands
  Blork the orc (D:6)
  A gnoll sergeant (D:6)
  A scorpion (D:4)
  A wight (D:7)
  Dowan (D:7)
  A killer bee (D:8)
  3 howler monkeys
  6 hounds
  A gnoll bouda (D:5)
  3 orc priests (D:7)
  4 iguanas
  10 orc wizards
  4 mummies
  9 gnolls
  9 adders
  A shadow imp (D:7)
  2 white imps
  2 ufetubi
  3 worms
  3 dart slugs
  28 orcs
  4 bats
  9 endoplasms
  2 giant cockroaches
  11 goblins
  9 hobgoblins
  2 jackals (D:1)
  21 kobolds
  4 quokkas
  5 ball pythons
  3 frilled lizards
  A gnoll zombie (Ossuary)
  2 goblin zombies (Ossuary)
  8 kobold zombies (Ossuary)
  3 rats
212 creatures vanquished.

Vanquished Creatures (others)
  4 plants
4 creatures vanquished.

Grand Total: 216 creatures vanquished

Notes
Turn   | Place    | Note
-------+----------+-------------------------------------------
     0 | D:1      | purpskrrrp the Demonspawn Fighter began the quest for the
                  | Orb.
     0 | D:1      | Reached XP level 1. HP: 18/18 MP: 1/1
   168 | D:1      | Found Quvyot's Assorted Antiques.
   179 | D:1      | Reached skill level 2 in Axes
   358 | D:1      | Found a faded altar of an unknown god.
   375 | D:1      | Gained mutation: You have a small tail. [demonic ancestry]
   375 | D:1      | Reached XP level 2. HP: 20/24 MP: 2/2
   995 | D:2      | Reached XP level 3. HP: 29/29 MP: 3/3
  1709 | D:2      | Found Tatsakh's Magic Scroll Boutique.
  2303 | D:3      | Gained mutation: You have an unusually large brain. (Int
                  | +2) [demonic ancestry]
  2303 | D:3      | Reached XP level 4. HP: 20/35 MP: 4/4
  2547 | D:3      | Reached skill level 3 in Axes
  2672 | D:3      | Gained mutation: You are somewhat resistant to further
                  | mutation. [potion of mutation]
  3055 | D:3      | Reached XP level 5. HP: 42/42 MP: 5/5
  3235 | D:4      | Noticed Eustachio
  3266 | D:4      | Killed Eustachio
  3267 | D:4      | Reached XP level 6. HP: 14/48 MP: 6/6
  3324 | D:4      | Reached skill level 4 in Axes
  3614 | D:4      | Found a shimmering altar of Xom.
  4090 | D:5      | Entered Level 5 of the Dungeon
  4369 | D:5      | Found a staircase to the Ecumenical Temple.
  4380 | D:5      | Reached XP level 7. HP: 50/51 MP: 7/7
  4413 | Temple   | Entered the Ecumenical Temple
  4547 | Temple   | Became a worshipper of Makhleb the Destroyer
  4813 | D:5      | Reached skill level 5 in Axes
  5089 | D:5      | Lost mutation: You are somewhat resistant to further
                  | mutation. [potion of mutation]
  5089 | D:5      | Gained mutation: You occasionally shout uncontrollably at
                  | your foes. [potion of mutation]
  5089 | D:5      | Gained mutation: You possess an exceptional clarity of
                  | mind. [potion of mutation]
  5089 | D:5      | Gained mutation: You are dopey. (Int -2) [potion of
                  | mutation]
  5090 | D:5      | Lost mutation: You are dopey. (Int -2) [potion of mutation]
  5090 | D:5      | Lost mutation: You possess an exceptional clarity of mind.
                  | [potion of mutation]
  5090 | D:5      | Lost mutation: You occasionally shout uncontrollably at
                  | your foes. [potion of mutation]
  5090 | D:5      | Gained mutation: You are frail. (-10% HP) [potion of
                  | mutation]
  5090 | D:5      | Gained mutation: You are strong-willed. (Will+) [potion of
                  | mutation]
  5123 | D:5      | Reached * piety under Makhleb
  5311 | D:5      | Reached skill level 5 in Fighting
  5434 | D:5      | Reached XP level 8. HP: 39/55 MP: 8/8
  6087 | D:6      | Reached skill level 6 in Axes
  6176 | D:6      | Found a sand-covered staircase.
  6187 | Ossuary  | Entered an ossuary
  6269 | Ossuary  | Reached ** piety under Makhleb
  6541 | Ossuary  | Reached skill level 5 in Armour
  6541 | Ossuary  | Reached skill level 5 in Shields
  7275 | D:6      | Noticed Blork the orc
  7283 | D:6      | Killed Blork the orc
  7881 | D:7      | Noticed Duvessa
  7881 | D:7      | Noticed Dowan
  7893 | D:7      | Killed Duvessa
  7894 | D:7      | Reached skill level 7 in Axes
  7903 | D:7      | Killed Dowan
  7904 | D:7      | Gained mutation: You regenerate magic rapidly. [demonic
                  | ancestry]
  7904 | D:7      | Reached XP level 9. HP: 38/62 MP: 9/9
  8309 | D:7      | Noticed a yaktaur
  8309 | D:7      | a jumping spider changed into a yaktaur
  8311 | D:7      | Noticed a wind drake
  8311 | D:7      | a yaktaur changed into a wind drake
  8313 | D:7      | Reached *** piety under Makhleb
  8328 | D:7      | Killed a wind drake
  8459 | D:7      | Reached skill level 8 in Axes
  8711 | D:8      | Noticed a two-headed ogre
  8719 | D:8      | HP: 2/63 [two-headed ogre/+0 dire flail (4)]
  9553 | D:8      | Found a large runed translucent door.
  9553 | D:8      | Found a large runed translucent door.
  9672 | D:8      | Noticed a two-headed ogre
  9680 | D:8      | Killed a two-headed ogre
  9681 | D:8      | Reached XP level 10. HP: 43/71 MP: 10/10
  9955 | D:8      | Killed a two-headed ogre
  9956 | D:8      | Reached skill level 9 in Axes
 10090 | D:8      | Paralysed by a hornet for 3 turns
 11033 | D:8      | Found a bloodstained altar of Trog.
 11039 | D:8      | Reached **** piety under Makhleb
 11120 | D:8      | Found a stormy altar of Qazlal.
 11373 | D:9      | Noticed a two-headed ogre
 11379 | D:9      | Killed a two-headed ogre
 11396 | D:9      | HP: 2/72 [hornet (5)]
 11396 | D:9      | Mangled by a hornet

Illustrated notes

Levels and vault maps discovered:
D:1:      dpeg_chamrin_arrival_tetris, layout_basic, serial_shops, shop,
          ebering_ecumenical_altar_rust
D:2:      layout_basic, serial_shops, shop_fountains, chequers_avenue,
          minmay_crystal_water
D:3:      layout_basic, guppyfry_early_lair_pool
D:4:      layout_rooms, mainiacjoe_overflow_catwalk, cheibrodos_gnoll_hut,
          uniq_eustachio
D:5:      corexii_shack_village, layout_cave_pools, tso_oasis_becter,
          temple_fountains, minmay_ogre_servants
D:6:      layout_loops_ring, gup_ossuary_entry_pyramid, uniq_blork_the_orc
D:7:      nzn_winding_woodlands_three_and_one [nzn_winding_woodlands_5x15_eye,
          nzn_winding_woodlands_5x15_longhouse,
          nzn_winding_woodlands_5x15_river_crossing,
          nzn_winding_woodlands_center_diamonds], layout_loops_ring,
          uniq_duvessa
D:8:      layout_layer_cave, jmf_multi_god_temple2, kennysheep_nub
D:9:      kb_forest_paths, layout_cave_pools, lair_entry_dummy,
          gammafunk_ghost_wrathful_warriors
Temple:   minmay_crystal_spiral_temple

Skill      XL: |  1  2  3  4  5  6  7  8  9 10 |
---------------+-------------------------------+-----
Axes           | 2 3 4 5 7 8 9 |  9.6
Shields        | 3 4 5 6 7 |  7.2
Armour         | 3 4 5 6 7 |  7.2
Fighting       | 4 5 6 7 |  7.9

Action                   |  1- 3 |  4- 6 |  7- 9 | 10-12 || total
-------------------------+-------+-------+-------+-------++-------
Melee: War axe           |   141 |   149 |   447 |    75 ||   812
       Tailslap          |     5 |    18 |    47 |    15 ||    85
Throw: Throwing net      |       |       |     2 |     1 ||     3
Evoke: Wand              |       |       |       |     5 ||     5
  Use: Scroll            |     8 |     9 |     7 |     3 ||    27
       Potion            |       |     4 |     6 |     1 ||    11
Armor: Scale mail        |    86 |   131 |       |       ||   217
       Leather armour    |       |    28 |   264 |    41 ||   333
Dodge: Dodged            |    81 |   107 |   216 |    39 ||   443
Block: Buckler           |    35 |    50 |   122 |    16 ||   223

Table legend: (Time is in decaauts)
 A = Elapsed time spent in this place.
 B = Non-inter-level travel time spent in this place.
 C = Inter-level travel time spent in this place.
 D = Time resting spent in this place.
 E = Time spent auto-exploring this place.
 F = Levels seen in this place.
 G = Mean time per level.
                   A        B        C        D        E       F      G
               +--------+--------+--------+--------+--------+-----+--------+
         Total |  11617 |  11171 |    446 |   1996 |   7091 |  11 | 1056.1 |
       Dungeon |  10881 |  10521 |    360 |   1996 |   6614 |   9 | 1209.0 |
        Temple |    221 |    135 |     86 |      0 |    112 |   1 |  221.0 |
       Ossuary |    514 |    514 |      0 |      0 |    365 |   1 |  514.0 |
               +--------+--------+--------+--------+--------+-----+--------+

Top non-repeatable levels by time:
     D:8: 2362 daAuts
     D:2: 1561 daAuts
     D:4: 1373 daAuts
     D:7: 1308 daAuts
     D:5: 1184 daAuts
     D:6: 1149 daAuts
     D:1: 915 daAuts
     D:3: 781 daAuts
 Ossuary: 514 daAuts
     D:9: 244 daAuts
  Temple: 221 daAuts
